 Dungeon Crawl Stone Soup version 0.27-a0-46-g34d46f0a3f (webtiles) character file.

Game seed: 1899026151473144521

25 sahdkjhfkaj the Conjurer (level 2, -5/19 HPs)
             Began as a Demonspawn Conjurer on Jan 6, 2021.
             Killed from afar by Natasha (10 damage)
             ... with a magic dart
             ... on level 2 of the Dungeon.
             The game lasted 00:01:13 (1162 turns).

sahdkjhfkaj the Conjurer (Demonspawn Conjurer)      Turns: 1162, Time: 00:01:14

Health: -5/19      AC:  2    Str:  7    XL:     2   Next: 86%
Magic:  1/5        EV: 12    Int: 19    God:
Gold:   49         SH:  0    Dex: 11    Spells: 3/6 levels left

rFire    . . .     SeeInvis .   (no weapon)
rCold    + . .     Faith    .   (no shield)
rNeg     . . .     Spirit   .   a - +0 robe
rPois    .         Reflect  .   (no helmet)
rElec    .         Harm     .   (no cloak)
rCorr    .         Rampage  .   (no gloves)
Will     .....                  (no boots)
Stlth    ++........             (no amulet)
HPRegen  0.06/turn              (no ring)
MPRegen  0.09/turn              (no ring)

@: no status effects
A: cold resistance 1
a: no special abilities


You were on level 2 of the Dungeon.
You visited 1 branch of the dungeon, and saw 2 of its levels.

You collected 49 gold pieces.

Inventory:

Armour
 a - a +0 robe (worn)
Jewellery
 g - an uncursed amulet of faith {unknown}
 h - an uncursed ring of flight {unknown}
Scrolls
 j - a scroll of magic mapping {unknown}
 k - a scroll of identify {unknown}
Potions
 c - a potion of haste {unknown}
 d - a potion of mutation {unknown}
 e - a potion of degeneration {unknown}
 f - a potion of lignification {unknown}


   Skills:
 - Level 1.7 Dodging
 - Level 1.7 Stealth
 - Level 2.5 Spellcasting
 + Level 4.6 Conjurations


You had 3 spell levels left.
You knew the following spells:

 Your Spells              Type           Power        Failure   Level
a - Magic Dart            Conj           76%          2%          1
b - Searing Ray           Conj           38%          3%          2

Your spell library contained the following spells:

 Spells                   Type           Power        Failure   Level
 Dazzling Flash           Conj/Hex       22%          19%         3
 Fulminant Prism          Conj/Hex       5%           52%         4
 Iskenderun's Mystic Bla  Conj/Tloc      11%          52%         4


Dungeon Overview and Level Annotations

Branches:
Dungeon (2/15)

Altars:

Annotations:
D:2 Natasha


Innate Abilities, Weirdness & Mutations

Your flesh is cold resistant. (rC+)


Message History

The puff of frost hits you. You resist.
* * * LOW HITPOINT WARNING * * *
It was a potion of curing.
You feel better. Natasha barely misses you.
You hit Natasha but do no damage.
Natasha is severely wounded.
Natasha claws you. The white imp hits you. The white imp freezes you.
You resist.
* * * LOW HITPOINT WARNING * * *
You aren't carrying any items that you can evoke.
Unknown command.
Unknown command.
Blink to where?
Press: ? - help, Dir - move target, p - Natasha
As you read the scroll labelled FOEZEKEIPLE, it crumbles to dust.
It was a scroll of blinking.
Natasha stares at you and mumbles some strange words.
The magic dart hits you!
Ouch! That really hurt!
You die...

#.#..#.# # #.
#..........#†
#.#.##.# #.
#.h......#...
....##.# !
#5.#####.#.#.
....##(# # #..#
.... ....##.# #..#
#..#
....##.#########..#
....
....##.........#..#
..#
.......#.....#.#..#
#......#.###.#.#@.#
#......#.###.#.#..#
#......#.#...#.#..#
#......#.#.###.#..#
#......#.#.# #.#..#
########.#.#
#.#..######## #.#.#
#.#.......... #.#.#
#.#..######## #.#.#
#.#..#


You could see Natasha and a white imp (summoned).

Vanquished Creatures
  A gnoll (D:1)
  2 leopard geckos (D:1)
  A giant cockroach (D:2)
  A hobgoblin (D:1)
  2 kobolds (D:1)
  2 bats (D:1)
  A frilled lizard (D:2)
  4 rats
14 creatures vanquished.

Notes
Turn   | Place    | Note
-------+----------+-------------------------------------------
     0 | D:1      | sahdkjhfkaj the Demonspawn Conjurer began the quest for the
                  | Orb.
     0 | D:1      | Reached XP level 1. HP: 13/13 MP: 3/3
   137 | D:1      | Gained mutation: Your flesh is cold resistant. (rC+)
                  | [demonic ancestry]
   137 | D:1      | Reached XP level 2. HP: 15/19 MP: 0/5
   140 | D:1      | Learned a level 2 spell: Searing Ray
  1146 | D:2      | Noticed Natasha
  1162 | D:2      | Killed from afar by Natasha

Illustrated notes

Levels and vault maps discovered:
D:1:      roderic_crop_circles_arrival_small, layout_basic, dk_noncrumbling_4
D:2:      layout_basic, general_overflow_altar, uniq_robin, uniq_natasha

Action                   || total
-------------------------++-------
Melee: Unarmed           ||    15
 Cast: Magic Dart        ||    31
       Searing Ray       ||     1
  Use: Scroll            ||     1
       Potion            ||     1
 Stab: Sleeping          ||     1
Armor: Robe              ||     6
Dodge: Dodged            ||    15

Table legend: (Time is in decaauts)
 A = Elapsed time spent in this place.
 B = Non-inter-level travel time spent in this place.
 C = Inter-level travel time spent in this place.
 D = Time resting spent in this place.
 E = Time spent auto-exploring this place.
 F = Levels seen in this place.
 G = Mean time per level.
                   A        B        C        D        E       F      G
               +--------+--------+--------+--------+--------+-----+--------+
         Total |   1161 |   1139 |     22 |      0 |    978 |   2 |  580.5 |
       Dungeon |   1161 |   1139 |     22 |      0 |    978 |   2 |  580.5 |
               +--------+--------+--------+--------+--------+-----+--------+

Top non-repeatable levels by time:
     D:1: 974 daAuts
     D:2: 187 daAuts
